 Dungeon Crawl Stone Soup version 0.30-a0-46-g5a63ccc183 (webtiles) character file.

Game seed: 18086835087641550183

38 ytrimaz the Insei (level 3, -1/23 HPs)
             Began as an Octopode Transmuter on Sept 1, 2022.
             Slain by a goblin
             ... wielding a +0 dagger
             ... led by Robin
              (2 damage)
             ... on level 2 of the Dungeon.
             The game lasted 00:02:03 (1294 turns).

ytrimaz the Insei (Octopode Transmuter)             Turns: 1294, Time: 00:02:04

Health: -1/23      AC:  1    Str:  9    XL:     3   Next: 43%
Magic:  0/6        EV: 13    Int: 17    God:
Gold:   63         SH:  0    Dex: 12    Spells: 3/6 levels left

rFire   . . .      SeeInvis .      - Unarmed
rCold   . . .      Faith    .    (no shield)
rNeg    + . .      Spirit   .    (helmet restricted)
rPois   .          Reflect  .    (no amulet)
rElec   .          Harm     .    i - ring of positive energy
rCorr   .          Rampage  .    (no ring)
Will    .....                    (no ring)
Stlth   ++........               (no ring)
HPRegen 0.07/turn                (no ring)
MPRegen 0.10/turn                (no ring)
                                 (no ring)
                                 (no ring)

@: no status effects
A: almost no armour, amphibious, 8 rings, camouflage 1, gelatinous body 1,
(nimble swimmer 1), tentacles
a: no special abilities


You were on level 2 of the Dungeon.
You visited 1 branch of the dungeon, and saw 2 of its levels.

You collected 63 gold pieces.


Innate Abilities, Weirdness & Mutations

You cannot wear most types of armour.
You are amphibious.
You can wear up to eight rings at the same time.
Your skin changes colour to match your surroundings (Stealth+).
Your rubbery body absorbs attacks. (AC +1, EV +1)
((You are camouflaged when in or above water. (Stealth+)))
You have tentacles for arms and can constrict up to eight enemies at once.


   Skills:
 - Level 1.0 Fighting
 - Level 2.0 Dodging
 - Level 4.0 Unarmed Combat
 + Level 2.2 Spellcasting
 + Level 2.2 Transmutations


You had 3 spell levels left.
You knew the following spells:

 Your Spells              Type           Power      Damage    Failure   Level
a - Beastly Appendage     Tmut           18%        N/A       8%          1
b - Wereblood             Tmut           9%         N/A       12%         2

Your spell library contained the following spells:

 Spells                   Type           Power      Damage    Failure   Level
 Blink                    Tloc           2%         N/A       28%         2
 Sublimation of Blood     Necr           1%         N/A       28%         2
 Spider Form              Tmut/Pois      5%         N/A       34%         3
 Lesser Beckoning         Tloc           1%         N/A       50%         3
 Ice Form                 Ice/Tmut       5%         N/A       75%         4
 Manifold Assault         Tloc           1%         N/A       99%         5
 Summon Hydra             Summ           0%         N/A       100%        7

Inventory:

Missiles
 f - 6 stones {throwing}
Jewellery
 i - a ring of positive energy (left tentacle)
   (You found it on level 1 of the Dungeon)
Scrolls
 c - 2 scrolls of vulnerability {!r!r}
 h - a scroll of blinking {!r}
Potions
 a - a potion of lignification {!q}

Dungeon Overview and Level Annotations

Branches:
Dungeon (2/15) Zot: 10709

Altars:

Shops:
D:1 (

Annotations:
D:2 Robin

.?.#.#.# .....g. ... ..
.#g#g #.. #.# .gg. #.#
##.### #.g# ##.## #.....
#.g# ####...###.....
#..# #..........#.#.
#gg#####.#....###.....
#.lgg@g...........#.#.
###.######.#.#.##.......
#...# #.....###...###
####.### ###.### ##### #
#....# ##...## # ##.##.#
##.###.## ###### #.....#
##.## ##.## #.....
#.#.#.#####<## ##.#
#.#### #...........# #.#
#.# #


You could see Robin, 2 hobgoblins, 2 goblins and a frilled lizard.


Message History

Unknown command.
You extend your transformation's duration.
The goblin hits you with a +0 dagger. 😕 HP[-2] MP[-1]
You take 2 damage, and now have 14/18 hp.
You lost 1 mp, and now have 0/5 mp.
Unknown command.
You tentacle-slap the goblin. You grab the goblin.
You constrict the goblin, but do no damage. 😕 HP[+1]
You tentacle-slap the goblin.
You pierce the goblin.
You feel a bit better.
You kill the goblin!
The bat misses you.
You have reached level 3!
Your experience leads to an increase in your attributes!
Increase (S)trength, (I)ntelligence, or (D)exterity?
You feel clever. x2 😕 HP[+6]
You now have 23 max hp (+5).
You regained 6 hp, and now have 21/23 hp.
You tentacle-slap the bat.
You feel a bit better.
You kill the bat! 😎 HP[+2]
Your hp is fully restored (23).
You barely miss the goblin. Your grab misses the goblin.
Your tentacle spike misses the goblin.
The goblin hits you with a +0 club. 😕 HP[-3]
You take 3 damage, and now have 20/23 hp.
You tentacle-slap the goblin.
You feel a bit better.
You kill the goblin! 😎 HP[+3]
Your hp is fully restored (23).
You closely miss the hobgoblin. Your grab misses the hobgoblin.
Your squeeze misses the hobgoblin. The hobgoblin hits you. 😕 HP[-5]
You take 5 damage, and now have 18/23 hp.
MASSIVE DAMAGE!! (PAUSE)
You barely miss the hobgoblin. Your grab misses the hobgoblin.
The hobgoblin hits you.
Your magical contamination has completely faded away. 😮 HP[-2]
You take 2 damage, and now have 16/23 hp.
Unknown command.
You closely miss the hobgoblin. You grab the hobgoblin.
You pierce the hobgoblin, but do no damage.
You constrict the hobgoblin, but do no damage.
The hobgoblin hits you but does no damage.
You tentacle-slap the hobgoblin.
You squeeze the hobgoblin, but do no damage.
Your transformation is almost over.
You constrict the hobgoblin. The hobgoblin barely misses you.
You completely miss the hobgoblin.
You pierce the hobgoblin.
You feel a bit better.
You kill the hobgoblin! 😮 HP[+1] MP[+1]
You tentacle-slap the adder. Your grab misses the adder.
Your tentacle spike misses the adder.
The adder bites you. 😮 HP[-1]
You take 1 damage, and now have 16/23 hp.
You tentacle-slap the adder. You grab the adder. You squeeze the adder.
You feel a bit better.
You kill the adder!
The goblin unwields a +0 dagger.
The goblin wields a +0 sling.
The goblin shoots a sling bullet.
The sling bullet hits you. Robin throws the goblin at you!
* * * LOW HITPOINT WARNING * * *
The goblin hits you with a +0 club.
* * * LOW HITPOINT WARNING * * *
You hear a shout!
Items here: )) ††††.
Unknown command. 😱 HP[-11]
You take 11 damage, and now have 5/23 hp.
MASSIVE DAMAGE!! (PAUSE)
Casting: Beastly Appendage (safe; 8% risk of failure)
Confirm with . or Enter, or press ? or * to list all spells.
You miscast Beastly Appendage.
You are very lightly contaminated with residual magic.
Nothing appears to happen.
The goblin unwields a +0 sling.
The goblin wields a +0 dagger.
The goblin hits you with a +0 dagger.
* * * LOW HITPOINT WARNING * * *
Robin roars a battlecry!
The goblins go into a battle-frenzy!
The goblin completely misses you. 😱 HP[-4] MP[-1]
You take 4 damage, and now have 1/23 hp.
You lost 1 mp, and now have 0/6 mp.
Unknown command.
Really quaff
a - a potion of lignification {!q}?
Really quaff the potion of lignification? [Y]es or [N]o only, please.
Really quaff the potion of lignification?
Okay, then.
It was a potion of cancellation.
Your magical effects are unravelling.
You feel magically purged.
Your magical contamination has completely faded away.
Your tentacle spike disappears.
Your primal bloodlust has ended.
The goblin hits you with a +0 dagger.
You die...

Skill      XL: |  1  2 |
---------------+-------+-----
Unarmed Combat | 4 |  4.0
Fighting       | |  1.0
Dodging        | |  2.0
Spellcasting   | |  2.2
Transmutations | |  2.2

Action                   || total
-------------------------++-------
Melee: Unarmed           ||    48
       Kick              ||    11
       Constrict         ||    12
       Tentacles         ||     6
       Punch             ||     3
 Cast: Beastly Appendage ||    10
       Wereblood         ||     1
  Use: Scroll            ||     4
       Potion            ||     1
 Stab: Sleeping          ||     2
Armor: Skin              ||    10
Dodge: Dodged            ||    22

Levels and vault maps discovered:
D:1:      wander_arrival_peaceful_grave, layout_loops_ring, serial_shops, shop
D:2:      layout_loops_ring, serial_glass, glass_columns_b, glass_columns_c,
          glass_columns_a, glass_columns_c, glass_columns_b, glass_columns_a,
          glass_columns_a, glass_columns_a, glass_columns_b, glass_columns_a,
          glass_columns_b, glass_columns_c, glass_columns_a, glass_columns_c,
          chequers_mini_garden, dk_noncrumbling_3, amcnicky_mini_pool_small,
          uniq_robin

Notes
Turn   | Place    | Note
-------+----------+-------------------------------------------
     0 | D:1      | ytrimaz the Octopode Transmuter began the quest for the
                  | Orb.
     0 | D:1      | Reached XP level 1. HP: 13/13 MP: 3/3
     0 | D:1      | magus.rc [v1.9.6]
   325 | D:1      | Reached XP level 2. HP: 13/18 MP: 5/5
   399 | D:1      | You pick up a book of Spatial Translocations and begin
                  | reading...
   399 | D:1      | You add the spells Blink, Lesser Beckoning and Manifold
                  | Assault to your library.
   510 | D:1      | Reached skill level 4 in Unarmed Combat
   992 | D:1      | Found Zycubes's Antique Weapon Boutique.
  1086 | D:1      | You pick up a book of Blood and begin reading...
  1086 | D:1      | You add the spells Sublimation of Blood and Summon Hydra to
                  | your library.
  1192 | D:2      | Learned a level 2 spell: Wereblood
  1270 | D:2      | Noticed Robin
  1282 | D:2      | Reached XP level 3. HP: 21/23 MP: 0/6
  1291 | D:2      | HP: 5/23 [goblin/+0 club[Robin] (5)]
  1293 | D:2      | HP: 1/23 [goblin/+0 dagger[Robin] (4)]
  1294 | D:2      | Slain by a goblin

Vanquished Creatures
  An adder (D:2)
  2 dart slugs (D:1)
  A ball python (D:1)
  2 endoplasms (D:1)
  2 hobgoblins
  2 jackals (D:1)
  2 kobolds (D:1)
  A quokka (D:1)
  3 bats
  4 goblins
  2 rats (D:1)
22 creatures vanquished.

Table legend:
 A = Non-vault XP
 B = Vault XP
 C = Vault XP percentage of total XP
 D = Non-vault monster count
 E = Vault monster count
 F = Vault count percentage of total count
                 A         B        C        D         E       F
            +---------+---------+-------+---------+---------+-------
      Total |      49 |       6 |  10.9 |      19 |       3 |  13.6
            +---------+---------+-------+---------+---------+-------
        D:1 |      33 |       0 |   0.0 |      17 |       0 |   0.0
        D:2 |      16 |       6 |  27.3 |       2 |       3 |  60.0
            +---------+---------+-------+---------+---------+-------

Illustrated notes

Table legend:
 A = Kills in this place as a percentage of kills in entire the game.
 B = Kills by you in this place as a percentage of kills by you in the entire game.
 C = Kills by friends in this place as a percentage of kills by friends in the entire game.
 D = Other kills in this place as a percentage of other kills in the entire game.
 E = Experience gained in this place as a percentage of experience gained in the entire game.
 F = Experience gained in this place divided by the number of levels of this place that you have seen.
                   A       B       C       D       E      F
               +-------+-------+-------+-------+-------+----------------------
         Total | 100.0 | 100.0 |   N/A |   N/A | 100.0 |  27.5
       Dungeon | 100.0 | 100.0 |   N/A |   N/A | 100.0 |  27.5
               +-------+-------+-------+-------+-------+----------------------

Table legend: (Time is in decaauts)
 A = Elapsed time spent in this place.
 B = Non-inter-level travel time spent in this place.
 C = Inter-level travel time spent in this place.
 D = Time resting spent in this place.
 E = Time spent auto-exploring this place.
 F = Levels seen in this place.
 G = Mean time per level.
                   A        B        C        D        E       F      G
               +--------+--------+--------+--------+--------+-----+--------+
         Total |   1289 |   1284 |      5 |      0 |   1129 |   2 |  644.5 |
       Dungeon |   1289 |   1284 |      5 |      0 |   1129 |   2 |  644.5 |
               +--------+--------+--------+--------+--------+-----+--------+

Top non-repeatable levels by time:
     D:1: 1185 daAuts
     D:2: 104 daAuts
